 Dungeon Sprint DCSS version 0.30.1-4-g462c640d31 (webtiles) character file.

Game seed: 6311497892855031366

269 Heoruswealwe the Cleaver (level 6, -1/61 HPs)
             Began as a Hill Orc Fighter on Aug 24, 2023.
             Splashed by a jelly's acid (5 damage)
             ... in the Dungeon (Sprint I: "Red Sonja").
             The game lasted 00:00:53 (65 turns).

Heoruswealwe the Cleaver (Hill Orc Fighter)           Turns: 65, Time: 00:00:54

Health: -1/61      AC:  4    Str: 21    XL:     6   Next: 22%
Magic:  6/6        EV:  9    Int:  8    God:
Gold:   178        SH:  5    Dex: 10    Spells: 5/5 levels left

rFire   . . .        a - +0 war axe
rCold   . . .        c - +0 buckler
rNeg    . . .        b - +0 scale mail
rPois   .            (no helmet)
rElec   .            (no cloak)
rCorr   .            (no gloves)
SInv    .            (no boots)
Will    .....        (no amulet) Stlth
                     (no ring)
HPRegen 0.30/turn    (no ring)
MPRegen 0.10/turn

%: no teleportation
@: corroded
A: no striking features
a: no special abilities


You were in the Dungeon.
You visited 1 branch You collected 178 gold pieces.

Inventory:

Hand Weapons
 a - a +0 war axe (weapon)
Armour
 b - a +0 scale mail (worn)
 c - a +0 buckler (worn)
Wands
 k - a wand of digging (1)
Scrolls
 j - a scroll of blinking
Potions
 d - a potion of might
 e - a potion of curing
 f - a potion of heal wounds
 g - a potion of haste
 h - 2 potions of magic
 i - a potion of berserk rage
 l - a potion of mutation {unknown}


   Skills:
 + Level 8.1 Fighting
 + Level 9.3 Axes
 + Level 7.8 Armour
 + Level 6.9 Shields


You had 5 spell levels left.
You didn't know any spells.
Your spell library was empty.

Dungeon Overview and Level Annotations

Branches:
Dungeon (1/1)

Altars:
Sif Muna
Vehumet
Wu Jian


Message History

You slash Sigmund!
You kill Sigmund!
Your Fighting skill gained 2 levels and is now at level 8!
Your Axes skill gained 3 levels and is now at level 9!
Your Armour skill increases to level 7!
Your Shields skill increases to level 6!
You have reached level 5!
You feel stronger.
You have reached level 6!
l - an inky potion
Things that are here:
a +0 scythe; a +0 robe; the human corpse of Sigmund You open the door.
Found 108 gold pieces.
There is an open door here.
You now have 81 gold pieces (gained 27).
You now have 108 gold pieces (gained 27).
You now have 135 gold pieces (gained 27).
You now have 162 gold pieces (gained 27).
You open the door.
Found 16 gold pieces and a glass wand.
Found two altars.
A jelly comes into view.
The jelly quivers.
There is an open door here.
Found a radiant altar of Vehumet.
You see here 16 gold pieces.
You now have 178 gold pieces (gained 16).
You hit the jelly.
Your hands burn!
* * * LOW HITPOINT WARNING * * *
The jelly is moderately wounded.
You block the jelly's attack.
You slash the jelly! The acid corrodes you!
Your hands burn!
* * * LOW HITPOINT WARNING * * *
The jelly is almost dead.
The jelly completely misses you.
You barely miss the jelly.
The jelly is almost dead.
You block the jelly's attack.
You hit the jelly.
Your hands burn!
You die...

################
#<.#..)..#.)'..#
#..').#..'..#..+
#..#####'#####'#
#..# #..# #@#
#..# #### #J#
#..# _.+ #⌠⌠#
.._# #### _.#+#
##+


You could see a jelly.

Vanquished Creatures
  Sigmund (D)
  An ogre (D)
  Ijyb (D)
3 creatures vanquished.

Notes
Turn   | Place    | Note
-------+----------+-------------------------------------------
     0 | D        | Heoruswealwe the Hill Orc Fighter began the quest for the
                  | Orb.
     0 | D        | Reached XP level 1. HP: 19/19 MP: 1/1
     1 | D        | Noticed Ijyb
     8 | D        | Killed Ijyb
     9 | D        | Reached skill level 5 in Fighting
     9 | D        | Reached skill level 3 in Axes
     9 | D        | Reached XP level 2. HP: 26/29 MP: 2/2
    12 | D        | Noticed an ogre
    22 | D        | HP: 1/29 [ogre/+0 giant spiked club (6)]
    23 | D        | Killed an ogre
    24 | D        | Reached skill level 6 in Axes
    24 | D        | Reached skill level 5 in Shields
    24 | D        | Reached XP level 3. HP: 2/38 MP: 3/3
    24 | D        | Reached XP level 4. HP: 3/45 MP: 4/4
    34 | D        | Noticed Sigmund
    43 | D        | HP: 2/45 [Sigmund/+0 scythe (6)]
    45 | D        | Killed Sigmund
    46 | D        | Reached skill level 9 in Axes
    46 | D        | Reached XP level 5. HP: 3/53 MP: 5/5
    46 | D        | Reached XP level 6. HP: 3/61 MP: 6/6
    58 | D        | Found an ornate altar of the Wu Jian Council.
    58 | D        | Found a shimmering blue altar of Sif Muna.
    60 | D        | Found a radiant altar of Vehumet.
    63 | D        | HP: 3/61 [acid (2)]
    65 | D        | Splashed by a jelly's acid

Illustrated notes

Levels and vault maps discovered:
D:        dungeon_sprint_1 [red_sonja_temple_1, red_sonja_temple_small_1]

Skill      XL: |  1  2  3  4 |
---------------+-------------+-----
Fighting       | 5 6 8 |  8.1
Axes           | 3 6 9 |  9.3
Armour         | 4 6 7 |  7.8
Shields        | 4 5 6 |  6.9

Action                     |  1- 3 |  4- 6 || total
---------------------------+-------+-------++-------
  Melee: War axe           |    16 |    13 ||    29
 Armour: Scale mail        |     1 |     1 ||     2
  Dodge: Dodged            |     7 |     6 ||    13
  Block: Buckler           |       |     3 ||     3
